Map: Lightshade LE

Players

nanO

  • Race: Protoss Protoss
  • League: Master
  • Spawn Location: 5:00

eGGz - Winner!

  • Race: Zerg Zerg
  • League: Grandmaster
  • Spawn Location: 11:00

Event: DreamHack SC2 Masters 2020 Winter

VOD

Have the link to the VOD?

Description

Time

  • Played on: Oct. 18, 2020, 9:27 p.m.
  • Length: 10:39

All games in this series

Show
View Real Time Build Order
Export as new Build Order

nanO Protoss 

Build Orders: 1 Gate Expand, Oracle Opening, Zealot Archon 

Get SALT Encoding   

  12  0:00  Probe  
  13  0:12  Probe  
  14  0:20  Pylon  
  14  0:24  Probe  
  15  0:38  Probe (Chrono Boost)  
  15  0:40  Gateway  
  16  0:47  Probe (Chrono Boost)  
  16  0:48  Assimilator  
  17  0:52  Probe  
  18  1:05  Probe  
  19  1:17  Probe  
  20  1:24  Nexus  
  20  1:35  Cybernetics Core  
  20  1:38  Probe  
  21  1:43  Assimilator  
  21  1:50  Probe  
  21  1:53  Pylon  
  22  2:02  Probe  
  23  2:08  Adept (Chrono Boost)  
  23  2:15  Probe  
  26  2:17  Stargate  
  26  2:27  Probe (Chrono Boost)  
  27  2:31  Stalker  
  27  2:36  Probe (Chrono Boost)  
  30  2:41  Warp Gate  
  31  2:45  Probe (Chrono Boost)  
  31  2:47  Probe (Chrono Boost)  
  33  2:51  Probe x2 (Chrono Boost)  
  33  2:55  Void Ray (Chrono Boost)  
  34  3:03  Probe x2  
  40  3:14  Gateway  
  40  3:15  Probe  
  40  3:16  Probe  
  42  3:23  Pylon  
  43  3:27  Probe  
  43  3:28  Probe  
  44  3:39  Probe, Oracle (Chrono Boost)  
  44  3:40  Probe  
  49  3:51  Probe  
  49  3:52  Probe  
  49  3:54  Nexus  
  51  3:59  Pylon  
  51  4:03  Probe  
  51  4:09  Probe  
  52  4:16  Pylon  
  52  4:17  Probe, Oracle  
  52  4:19  Assimilator  
  52  4:21  Assimilator  
  52  4:22  Robotics Facility  
  56  4:26  Probe (Chrono Boost)  
  56  4:30  Forge  
  57  4:32  Probe (Chrono Boost)  
  57  4:38  Probe (Chrono Boost)  
  59  4:41  Zealot  
  59  4:43  Zealot, Probe (Chrono Boost)  
  64  4:47  Probe (Chrono Boost)  
  64  4:50  Probe (Chrono Boost)  
  64  4:51  Shield Battery  
  66  4:54  Probe  
  67  5:00  Probe  
  67  5:03  Pylon  
  67  5:05  Pylon  
  67  5:06  Probe  
  69  5:07  Adept  
  69  5:09  Probe  
  69  5:10  Immortal (Chrono Boost)  
  76  5:15  Adept  
  76  5:17  Probe  
  76  5:19  Protoss Ground Weapons Level 1  
  77  5:22  Probe  
  77  5:26  Probe  
  79  5:29  Probe  
  79  5:31  Twilight Council  
  79  5:34  Probe  
  79  5:35  Sentry x2  
  83  5:38  Probe  
  83  5:41  Probe  
  87  5:44  Immortal (Chrono Boost)  
  87  5:46  Probe  
  92  5:50  Probe (Chrono Boost)  
  94  5:57  Pylon, Probe (Chrono Boost)  
  94  6:02  Assimilator  
  94  6:03  Probe (Chrono Boost)  
  96  6:04  Probe (Chrono Boost)  
  96  6:06  Assimilator  
  96  6:08  Charge  
  96  6:09  Gateway, Probe (Chrono Boost)  
  98  6:11  Probe (Chrono Boost), Templar Archives  
  98  6:14  Gateway  
  98  6:16  Observer  
  99  6:20  Gateway  
  99  6:23  Pylon  
  99  6:27  Gateway  
  99  6:30  Gateway  
  99  6:31  Gateway  
  99  6:34  Warp Prism (Chrono Boost)  
  101  6:43  Gateway  
  101  6:49  Photon Cannon  
  101  6:56  Probe  
  101  7:01  High Templar x2  
  104  7:05  Photon Cannon, Archon  
  104  7:06  Photon Cannon  
  104  7:07  Probe  
  105  7:12  High Templar x2  
  109  7:16  Archon, Pylon  
  109  7:17  Pylon  
  109  7:19  Pylon  
  109  7:21  Probe  
  106  7:28  High Templar x2, Warp Prism (Chrono Boost)  
  106  7:29  Zealot x2  
  114  7:30  Probe  
  107  7:37  High Templar x2  
  107  7:38  Protoss Ground Weapons Level 2 (Chrono Boost)  
  107  7:42  Probe  
  112  7:44  Robotics Facility  
  112  7:47  Probe  
  113  7:52  Nexus  
  113  8:01  Archon  
  113  8:02  Zealot x3  
  113  8:03  Zealot x2, Probe  
  113  8:04  Probe  
  121  8:08  Pylon, Probe  
  120  8:19  Zealot  
  122  8:21  Zealot x3  
  122  8:26  Probe  
  129  8:28  Zealot x2  
  129  8:29  Zealot x3  
  129  8:30  Immortal  
  143  8:35  Probe  
  123  8:47  Zealot x4  
  102  8:48  Probe (Chrono Boost)  
  102  8:50  Probe (Chrono Boost)  
  102  8:51  Probe (Chrono Boost)  
  89  8:55  High Templar x2  
  89  8:56  High Templar x2  
  89  8:58  Assimilator  
  89  9:00  Probe (Chrono Boost)  
  100  9:04  Assimilator  
  100  9:05  Archon x2  
  100  9:07  Probe x2 (Chrono Boost)  
  100  9:08  Probe (Chrono Boost)  
  99  9:16  High Templar x2, Probe  
  99  9:17  Probe x2  
  99  9:18  Probe  
  103  9:25  High Templar x2  
  103  9:27  Archon  
  103  9:29  Archon, Probe x3  
  103  9:30  Zealot x3, Probe  
  117  9:34  Observer  
  118  9:41  Probe  
  118  9:42  Probe x2  
  118  9:43  Probe  
  122  9:51  High Templar  
  124  9:53  Probe  
  124  9:54  Zealot x4  
  133  10:02  High Templar  
  133  10:05  Probe  
  136  10:07  Probe  
  136  10:09  Zealot x3  
  136  10:13  Probe  
  128  10:19  Zealot x4  
  128  10:22  Archon  
  128  10:25  Probe x2  
  128  10:26  Probe  
  97  10:30  Zealot x2  
Show
View Real Time Build Order
Export as new Build Order

eGGz Zerg - Winner!

Build Orders: Hatch First 

Get SALT Encoding   

  12  0:00  Drone  
  13  0:13  Overlord  
  13  0:18  Drone  
  14  0:32  Drone  
  14  0:35  Drone  
  16  0:49  Hatchery  
  15  0:52  Drone  
  16  0:57  Drone  
  17  1:06  Extractor  
  16  1:12  Spawning Pool  
  16  1:15  Drone  
  16  1:20  Drone  
  16  1:22  Drone  
  18  1:31  Drone  
  19  1:41  Drone  
  20  1:53  Overlord  
  20  2:01  Queen x2, Zergling x2  
  25  2:08  Metabolic Boost  
  25  2:11  Drone  
  25  2:14  Drone  
  27  2:19  Drone  
  28  2:26  Drone  
  29  2:35  Hatchery  
  28  2:37  Drone  
  28  2:42  Zergling x2  
  30  2:47  Drone  
  30  2:48  Overlord  
  31  2:54  Queen  
  31  2:57  Drone  
  34  3:02  Drone  
  35  3:06  Evolution Chamber  
  35  3:07  Drone x2  
  35  3:09  Drone  
  37  3:18  Overlord  
  37  3:19  Drone x2  
  39  3:22  Drone  
  39  3:23  Overlord  
  40  3:30  Zergling x2  
  41  3:37  Drone, Spore Crawler  
  41  3:38  Zerg Melee Weapons Level 1  
  41  3:41  Zergling x2  
  41  3:45  Drone  
  41  3:48  Queen  
  43  3:52  Drone  
  43  3:53  Drone  
  43  3:54  Drone  
  48  3:56  Drone  
  48  4:00  Zergling x4  
  48  4:01  Spore Crawler  
  50  4:03  Zergling x4  
  50  4:09  Zergling x2  
  52  4:15  Lair  
  52  4:16  Drone  
  52  4:17  Drone x2  
  53  4:23  Spore Crawler  
  53  4:24  Drone x3  
  56  4:29  Zergling x4  
  58  4:33  Overlord  
  58  4:36  Overlord  
  58  4:37  Overlord  
  57  4:53  Drone x2, Extractor  
  57  4:54  Extractor  
  57  4:55  Drone x9  
  57  4:58  Zergling x2  
  67  5:02  Drone x2  
  67  5:03  Drone  
  67  5:06  Zergling x2  
  70  5:09  Drone  
  70  5:12  Drone x2  
  72  5:21  Drone, Hydralisk Den  
  72  5:25  Drone x4, Baneling Nest  
  74  5:29  Overlord  
  74  5:32  Extractor  
  74  5:33  Extractor  
  74  5:35  Drone x2  
  73  5:44  Drone  
  73  5:48  Overlord  
  74  5:50  Extractor  
  74  5:51  Zerg Melee Weapons Level 2  
  74  5:52  Drone x3  
  74  5:53  Drone x2  
  74  5:54  Zergling x2  
  74  5:55  Hatchery, Zergling x4  
  80  6:00  Drone x2  
  80  6:01  Overlord  
  80  6:02  Overlord x2  
  82  6:05  Overlord  
  82  6:11  Pneumatized Carapace, Grooved Spines  
  82  6:13  Overlord  
  82  6:17  Drone  
  82  6:19  Drone  
  82  6:22  Hydralisk x3  
  89  6:27  Baneling x3  
  89  6:28  Baneling x3  
  89  6:30  Zergling x4  
  89  6:31  Zergling x6  
  94  6:35  Drone x2  
  96  6:46  Hydralisk  
  96  6:47  Hydralisk x4  
  103  6:56  Overlord  
  103  6:58  Baneling x3  
  103  6:59  Hydralisk x2  
  103  7:00  Hydralisk  
  103  7:01  Zergling x4  
  109  7:04  Baneling x3  
  109  7:11  Baneling x2  
  109  7:12  Hydralisk  
  109  7:13  Zergling x16  
  120  7:15  Drone x2  
  120  7:16  Drone  
  120  7:23  Muscular Augments, Zergling x6  
  120  7:29  Hydralisk x3  
  129  7:36  Baneling x2  
  129  7:42  Baneling x4  
  129  7:44  Zergling x24  
  131  7:50  Overlord  
  139  7:55  Overlord  
  139  7:57  Overlord  
  138  7:59  Overseer x2  
  138  8:01  Drone x5  
  143  8:11  Hydralisk  
  143  8:12  Hydralisk x4  
  152  8:16  Drone x4  
  152  8:17  Overlord  
  156  8:23  Hydralisk x2  
  156  8:24  Hydralisk x2  
  162  8:29  Centrifical Hooks  
  162  8:30  Overlord  
  157  8:41  Zergling x20  
  136  8:51  Hydralisk  
  136  8:52  Hydralisk x5  
  136  8:55  Zergling x4  
  132  8:58  Zergling x8  
  132  9:01  Zergling x2  
  132  9:10  Zergling x2  
  132  9:11  Zergling x14  
  132  9:15  Hydralisk x4  
  147  9:22  Zergling x6  
  150  9:29  Hatchery  
  149  9:31  Hydralisk x7  
  149  9:32  Extractor  
  149  9:36  Baneling  
  149  9:37  Baneling x9, Extractor  
  161  9:39  Zergling x2  
  161  9:40  Zergling x4  
  164  9:46  Zergling x8  
  168  9:57  Baneling x13  
  168  9:58  Overlord x4  
  168  9:59  Overlord  
  149  10:16  Zergling x32  
  149  10:17  Zergling x2  
Tags
 
Add a new tag
Caveats
  • Supply blocks, unpowered buildings, or Contaminate may cause inaccurate times.
  • Supply counts are checked every 10 seconds.